 Dungeon Crawl Stone Soup version 0.31-a0-1612-g4aaf141 (webtiles) character file.

Game seed: 907592885193661562

151 PidgeyThePirate the Trooper (level 5, -4/42 HPs)
             Began as a Demonspawn Chaos Knight on Jan 9, 2024.
             Was a Plaything of Xom.
             Slain by an orc
             ... wielding a +0 whip
              (7 damage)
             ... on level 3 of the Dungeon.
             The game lasted 00:04:10 (2007 turns).

PidgeyThePirate the Trooper (DsCK)                  Turns: 2007, Time: 00:04:10

Health: -4/42      AC:  6    Str: 12    XL:     5   Next: 11%
Magic:  7/7        EV: 11    Int: 14    God:    Xom [..*...]
Gold:   143        SH:  4    Dex: 13    Spells: 6/7 levels left

rFire   . . .        a - +0 hand axe (chaos)
rCold   . . .        (no shield)
rNeg    . . .        b - +2 leather armour
rPois   .            (no helmet)
rElec   .            (no cloak)
rCorr   .            k - +0 pair of gloves
SInv    .            (no boots)
Will    .....        n - amulet of regeneration
Stlth   +            e - ring of flight
HPRegen 1.07/turn    (no ring)
MPRegen 0.20/turn

%: no passive effects
@: flying, hasted, very quick
A: hooves 1, large bone plates 1, magic regeneration
a: Renounce Religion


You were on level 3 of the Dungeon.
You worshipped Xom.
You were a toy of Xom.
You visited 1 branch of the dungeon, and saw 3 of its levels.

You collected 143 gold pieces.

Inventory:

Hand Weapons
 a - a +0 hand axe of chaos (weapon)
Armour
 b - a +2 leather armour (worn)
 k - a +0 pair of gloves (worn)
Jewellery
 e - a ring of flight (left hand)
 n - an amulet of regeneration (around neck)
Wands
 l - a wand of digging (3)
 q - a wand of roots (7)
Scrolls
 c - a scroll of butterflies
 f - a scroll of amnesia {unknown}
 g - a scroll of enchant weapon {unknown}
 h - a scroll of teleportation {unknown}
 i - a scroll of fear {unknown}
 m - 2 scrolls of torment {unknown}
 o - a scroll of poison {unknown}
 p - a scroll of noise {unknown}
Potions
 j - a potion of might {unknown}
 r - a potion of heal wounds {unknown}


   Skills:
 + Level 3.8 Fighting
 + Level 3.6 Axes
 + Level 2.4 Armour
 + Level 1.5 Dodging
 + Level 0.6 Stealth
 + Level 0.2 Shields
 * Level 1.5 Spellcasting


You had 6 spell levels left.
You knew the following spells:

 Your Spells              Type           Power      Damage    Failure   Level
a - Magic Dart            Conj           4%         1d3       32%         1

Your spell library contained the following spells:

 Spells                   Type           Power      Damage    Failure   Level
 Searing Ray              Conj           2%         2d4       43%         2
 Dazzling Flash           Conj/Hex       2%         N/A       67%         3
 Volatile Blastmotes      Fire/Tloc      2%         2d10      67%         3
 Fulminant Prism          Conj/Alch      0%         3d5       97%         4
 Starburst                Conj/Fire      0%         6d3       100%        6
 Maxwell's Capacitive Co  Air            0%         ∞         100%        8


Dungeon Overview and Level Annotations

Branches:
Dungeon (3/15)

Altars:


Innate Abilities, Weirdness & Mutations

You have large cloven feet.
You are partially covered in large bone plates. (SH +4)
You regenerate magic rapidly.


Message History

You hit the orc.
You kill the orc!
You closely miss the orc. You hit the orc.
The orc blinks!
The orc barely misses you. x2
The rat twitches its whiskers.
You hit the orc. You burn the orc.
The orc is almost dead.
You completely miss the rat. You hit the orc but do no damage.
The orc hits you with a +0 whip. The rat bites you.
The orc hits you with a +0 flail.
The orc throws a boomerang.
You block the boomerang. The orc hits you with a +0 whip.
You hit the orc.
You kill the orc!
You barely miss the orc. You hit the rat but do no damage.
The orc hits you with a +0 whip. The rat bites you but does no damage.
The orc throws a boomerang.
The boomerang closely misses you. The orc misses you.
The rat barely misses you. The orc closely misses you.
You hit the orc. You freeze the orc.
The orc is moderately wounded.
You barely miss the rat. The orc closely misses you. The rat bites you.
The orc throws a boomerang.
The boomerang barely misses you. The orc hits you with a +0 whip.
You hit the orc but do no damage.
The orc is moderately wounded.
You barely miss the rat. You block the rat's attack.
The orc hits you with a +0 whip.
The orc throws a boomerang.
The boomerang hits you.
* * * LOW HITPOINT WARNING * * *
The rat bites you but does no damage. The orc hits you with a +0 whip.
* * * LOW HITPOINT WARNING * * *
The orc hits you with a +0 whip.
* * * LOW HITPOINT WARNING * * *
The rat attacks as it pursues you! You block the rat's attack.
The orc hits you with a +0 whip.
* * * LOW HITPOINT WARNING * * *
It was a potion of haste.
You feel yourself speed up. The orc hits you with a +0 whip!
You die...

.........#.# #.# #..
....#.#..#.#
#........#.#
....#.#.##.# #........#
#####....#.###........#
#####..#.#.. .........#.
..##..##.### #..........
#.........####..........
....#.##.....#..o.......
.#..#.####.#....@.......
###...####.###.)ro......
##.........# ###...###..
#..#.#####.. #)#.#
#.##.# ##. ...... ..##.#
.# ......... .###.#
...........## ## #.#
.#>.......# .......
#.#.########


You could see 2 orcs and a rat.

Vanquished Creatures
  Ijyb (D:3)
  Natasha (D:2)
  Robin (D:3)
  2 adders
  2 dart slugs
  3 orcs (D:3)
  3 endoplasms (D:1)
  3 giant cockroaches
  7 hobgoblins
  4 jackals (D:1)
  7 kobolds
  2 quokkas (D:1)
  9 ball pythons
  4 bats
  3 frilled lizards
  6 goblins
  3 rats
61 creatures vanquished.

Vanquished Creatures (collateral kills)
  2 dart slugs (D:3)
  A goblin (D:3)
  A hobgoblin (D:3)
4 creatures vanquished.

Grand Total: 65 creatures vanquished

Notes
Turn   | Place    | Note
-------+----------+-------------------------------------------
     0 | D:1      | PidgeyThePirate the Demonspawn Chaos Knight began the quest
                  | for the Orb.
     0 | D:1      | Reached XP level 1. HP: 18/18 MP: 1/1
   197 | D:1      | Gained mutation: You regenerate magic rapidly. [demonic
                  | ancestry]
   197 | D:1      | Reached XP level 2. HP: 16/24 MP: 2/2
   230 | D:1      | Found a faded altar of an unknown god.
   522 | D:1      | XOM: silly message
   730 | D:1      | XOM: divination: detect items
   737 | D:1      | Reached XP level 3. HP: 20/29 MP: 2/4
   919 | D:2      | Learned a level 1 spell: Magic Dart
  1106 | D:2      | XOM: 3-stop teleportation journey
  1252 | D:2      | Reached skill level 1 in Spellcasting
  1254 | D:2      | XOM: divination: detect items
  1382 | D:2      | Noticed Natasha
  1393 | D:2      | XOM: potion effect (curing)
  1398 | D:2      | Killed Natasha
  1399 | D:2      | Reached skill level 1 in Dodging
  1399 | D:2      | Gained mutation: You are partially covered in large bone
                  | plates. (SH +4) [demonic ancestry]
  1399 | D:2      | Reached XP level 4. HP: 11/37 MP: 5/5
  1591 | D:2      | XOM: divination: detect creatures
  1836 | D:3      | Noticed Robin
  1836 | D:3      | Noticed Ijyb
  1843 | D:3      | XOM: potion effect (berserk rage)
  1857 | D:3      | XOM: smoke on damage
  1865 | D:3      | Killed Ijyb
  1871 | D:3      | Killed Robin
  1910 | D:3      | Gained mutation: You have large cloven feet. [demonic
                  | ancestry]
  1910 | D:3      | Reached XP level 5. HP: 42/42 MP: 7/7
  1948 | D:3      | XOM: divination: detect creatures
  2006 | D:3      | HP: 2/42 [orc/+0 whip (4)]
  2007 | D:3      | Slain by an orc

Illustrated notes

Levels and vault maps discovered:
D:1:      mainiacjoe_arrival_reflecting_pool, layout_basic,
          hellmonk_ecumenical_altar_run_dry
D:2:      layout_loops_ring, serial_park_tiny_pond, dreamdust_wishing_well,
          uniq_natasha
D:3:      layout_rooms, serial_shops, nicolae_square_shop, shop,
          nicolae_shop_waterfront, shop, nicolae_goblin_pals

Skill      XL: |  1  2  3 |
---------------+----------+-----
Armour         | 2 |  2.4
Axes           | 3 |  3.6
Spellcasting   | 1 |  1.5
Dodging        | 1 |  1.5
Fighting       | |  3.8
Stealth        | |  0.6
Shields        | |  0.2

Action                     |  1- 3 |  4- 6 || total
---------------------------+-------+-------++-------
  Melee: Hand axe          |    98 |    96 ||   194
         Punch             |     1 |       ||     1
    Use: Potion            |       |     1 ||     1
   Stab: Confused          |     1 |       ||     1
         Sleeping          |     1 |       ||     1
 Armour: Leather armour    |    75 |    86 ||   161
  Dodge: Dodged            |    71 |    62 ||   133
  Block: Other             |       |    23 ||    23

Table legend: (Time is in decaauts)
 A = Elapsed time spent in this place.
 B = Non-inter-level travel time spent in this place.
 C = Inter-level travel time spent in this place.
 D = Time resting spent in this place.
 E = Time spent auto-exploring this place.
 F = Levels seen in this place.
 G = Mean time per level.
                   A        B        C        D        E       F      G
               +--------+--------+--------+--------+--------+-----+--------+
         Total |   2038 |   2025 |     13 |      0 |   1438 |   3 |  679.3 |
       Dungeon |   2038 |   2025 |     13 |      0 |   1438 |   3 |  679.3 |
               +--------+--------+--------+--------+--------+-----+--------+

Top non-repeatable levels by time:
     D:1: 890 daAuts
     D:2: 879 daAuts
     D:3: 267 daAuts
